 Dungeon Crawl Stone Soup version 0.29.0-4-gdea44cf6ec (webtiles) character file.

Game seed: 17552001839477941950

3658 qw the Cleaver (level 10, -11/64 HPs)
             Began as a Tengu Warper on Aug 28, 2022.
             Was a Follower of Okawaru.
             Mangled by a hornet (13 damage)
             ... on level 9 of the Dungeon.
             The game lasted 00:00:55 (7918 turns).

qw the Cleaver (Tengu Warper)                       Turns: 7918, Time: 00:00:55

Health: -11/64     AC: 16    Str: 10    XL:     10   Next: 12%
Magic:  14/14      EV:  5    Int: 13    God:    Okawaru [*.....]
Gold:   508        SH: 13    Dex: 20    Spells: 13/13 levels left

rFire   + . .      SeeInvis .   Y - +0 war axe
rCold   + . .      Faith    .   e - +0 kite shield
rNeg    . . .      Spirit   .   q - +0 plate armour
rPois   .          Reflect  .   (helmet restricted)
rElec   .          Harm     .   (no cloak)
rCorr   .          Rampage  .   a - +0 pair of gloves of Recklessness {Regen+ Str-4 Dex+6}
Will    +....                   (boots unavailable)
Stlth   ..........              (no amulet)
HPRegen 1.00/turn               c - ring of protection from cold
MPRegen 0.14/turn               h - ring of willpower

@: lethally poisoned (-11 -> -12), about to teleport, heroic, flying quickly and
evasively, slowed, very slow
A: beak, talons 3, nimble flight, fire resistance 1, robust 1, weak 1
a: Renounce Religion, Heroism


You were on level 9 of the Dungeon.
You worshipped Okawaru.
Okawaru was aware of your devotion.
You visited 2 branches of the dungeon, and saw 10 of its levels.

You collected 508 gold pieces.


Innate Abilities, Weirdness & Mutations

You have a beak for a mouth.
You have claws for feet.
Your magical nature lets you fly swiftly and evasively.
Your flesh is heat resistant. (rF+)
You are robust. (+10% HP)
You are weak. (Str -2)


   Skills:
 - Level 5.0(10.0) Fighting
 + Level 10.5(15.5) Axes
 - Level 2.0(7.0) Throwing
 - Level 5.6(10.6) Armour
 - Level 2.1(7.1) Dodging
 - Level 6.3(11.3) Shields
 - Level 2.0 Spellcasting
 - Level 2.4 Translocations
 + Level 3.8 Invocations


You had 13 spell levels left.
You didn't know any spells.
Your spell library contained the following spells:

 Spells                   Type           Power      Damage    Failure   Level
 Blink                    Tloc           14%        N/A       100%        2
 Gell's Gravitas          Tloc           7%         N/A       100%        3
 Lesser Beckoning         Tloc           7%         N/A       100%        3
 Teleport Other           Tloc           7%         N/A       100%        3
 Manifold Assault         Tloc           7%         N/A       100%        5

Inventory:

Hand Weapons
 l - a +0 morningstar
 Y - a +0 war axe (weapon)
Missiles
 n - 6 boomerangs (quivered)
Armour
 a - the +0 pair of gloves of Recklessness (worn) {Regen+ Str-4 Dex+6}
   (You acquired it on level 2 of the Dungeon)

   Str:       It affects your strength (-4).
   Dex:       It affects your dexterity (+6).
   Regen:     It increases your rate of health regeneration.
 e - a +0 kite shield (worn)
 q - a +0 plate armour (worn)
Jewellery
 c - a ring of protection from cold (left hand)
 h - a ring of willpower (right hand)
 o - a ring of resist corrosion
Scrolls
 b - 4 scrolls of identify
Potions
 f - a potion of attraction {unknown}
 j - a potion of might
 k - 4 potions of curing
 m - a potion of cancellation

Dungeon Overview and Level Annotations

Branches:
Dungeon (9/15)             Temple (1/1) D:7
   Lair: D:8-11         Orc: D:9-12

Altars:
Ashenzari
Cheibriados
Dithmenos
Elyvilon
Fedhas
Gozag
Hepliaklqana
Kikubaaqudgha
Makhleb
Nemelex Xobeh
Okawaru
Qazlal
Ru
Sif Muna
Trog
Uskayaw
Vehumet
Wu Jian
Xom
Yredelemnul
Zin
The Shining One

Shops:
D:1 !


Message History

The troll is severely wounded.
You barely miss the orc. You miss the hornet.
You feel very sick. You block the hornet's attack.
The orc hits you with a +0 hand axe. You block the troll's attack.
The troll claws you! The troll claws you. The hornet barely misses you.
The orc hits you but does no damage. The troll bites you! The troll claws you!
The troll claws you.
You hit the troll. You claw the troll, but do no damage.
The troll is heavily wounded.
You hit the hornet. You slash the orc!
You kill the orc!
Okawaru accepts your kill.
You feel yourself speed up.
You feel sick.
The hornet stings you but does no damage.
The hornet stings you!
You are more poisoned.
You feel yourself slow down. You block the troll's attack. x3
7916 ||| READING scroll of teleportation.
As you read the scroll of teleportation, it crumbles to dust.
You feel strangely unstable.
You feel very sick.
The hornet stings you but does no damage.
You block the troll's attack. x3; The hornet stings you.
You feel as though you will be slow longer.
7917 ||| DRINKING potion of heal wounds.
You feel much better.
You feel very sick. The hornet stings you.
You feel as though you will be slow longer.
You block the troll's attack. The troll claws you but does no damage.
The troll claws you.
The hornet stings you but does no damage.
You block the troll's attack. The troll claws you. x2
You hit the troll. Your kick misses the troll.
You peck the troll, but do no damage.
The troll is heavily wounded.
You closely miss the hornet.
You feel sick. The hornet stings you!
You die...

###.#############.....####
#...)..# #.........
######.# #.....###.
#####.##### #.....#
#.........# #.###.?..
#.........# #.########
##.........####.#.......
....................######
####.....@.........<#
#....T)y.........#
#.........####.#.#
#.........# #.#..
####..##.... ..#### #...
........ ... ....... ....
......


You could see a troll and a hornet.

Vanquished Creatures
  A hornet (D:8)
  Prince Ribbit (D:5)
  Sigmund (D:3)
  A wyvern (D:8)
  A steam dragon (D:8)
  A water moccasin (D:6)
  A sky beast (D:7)
  3 orc warriors
  2 black bears (D:6)
  An ogre (D:5)
  A centaur (D:8)
  2 bullfrogs
  A gnoll sergeant (D:8)
  A necrophage (D:5)
  2 scorpions
  5 wights (D:6)
  3 killer bees (D:9)
  3 howler monkeys (D:9)
  6 orc priests
  2 jellies
  A hound (D:6)
  A gnoll bouda (D:4)
  Jessica (D:2)
  4 iguanas
  Natasha (thrice) (D:2)
  11 orc wizards
  Robin (D:2)
  15 gnolls
  5 adders
  An ufetubus (D:7)
  3 dart slugs
  A worm (D:3)
  37 orcs
  5 endoplasms (D:1)
  A giant cockroach (D:2)
  19 goblins
  4 hobgoblins
  6 jackals (D:1)
  A quokka (D:2)
  6 ball pythons
  5 bats
  4 frilled lizards (D:1)
  8 kobolds
  3 rats
185 creatures vanquished.

Notes
Turn   | Place    | Note
-------+----------+-------------------------------------------
     0 | D:1      | qw the Tengu Warper began the quest for the Orb.
     0 | D:1      | Reached XP level 1. HP: 12/12 MP: 4/4
     0 | D:1      | 0 ||| qw: Version: 0.1-a-89-g26bdef1
     0 | D:1      | 0 ||| qw: Game counter: 2582
     0 | D:1      | 0 ||| qw: Always use a shield: true
     0 | D:1      | 0 ||| qw: God list: Okawaru
     0 | D:1      | 0 ||| qw: Allow faded altars: false
     0 | D:1      | 0 ||| qw: Do Orc after D:15 true
     0 | D:1      | 0 ||| qw: Do second Lair branch before Depths: true
     0 | D:1      | 0 ||| qw: Lair rune preference: random
     0 | D:1      | 0 ||| qw: Plans: Normal
     0 | D:1      | 0 ||| PLANNING D:1-11
    63 | D:1      | 63 ||| Stepping ~*~*~tactically~*~*~ (stealth).
    65 | D:1      | 65 ||| Stepping ~*~*~tactically~*~*~ (stealth).
    68 | D:1      | Found Toucvelo's Distillery.
   106 | D:1      | 106 ||| SHOPLISTING potion of curing (39 gold, have 6).
   106 | D:1      | 106 ||| SHOPLISTING potion of heal wounds (65 gold, have
                  | 6).
   106 | D:1      | 106 ||| SHOPLISTING potion of might (52 gold, have 6).
   106 | D:1      | 106 ||| SHOPLISTING potion of mutation (104 gold, have 6).
   106 | D:1      | 106 ||| SHOPLISTING potion of resistance (130 gold, have
                  | 6).
   119 | D:1      | Found a faded altar of an unknown god.
   130 | D:1      | Reached XP level 2. HP: 17/17 MP: 6/6
   138 | D:1      | 138 ||| DROPPING +0 club.
   187 | D:1      | Reached skill level 3 in Axes
   312 | D:1      | 312 ||| Stepping ~*~*~tactically~*~*~ (stealth).
   436 | D:1      | Reached XP level 3. HP: 20/21 MP: 7/7
   550 | D:1      | 550 ||| Stepping ~*~*~tactically~*~*~ (stealth).
   619 | D:1      | Reached skill level 4 in Axes
   726 | D:1      | 726 ||| UPGRADING to +0 ring mail.
   736 | D:1      | 736 ||| DROPPING +0 leather armour.
   737 | D:1      | 737 ||| UPGRADING to +0 scale mail.
   747 | D:1      | 747 ||| DROPPING +0 ring mail.
   748 | D:1      | 748 ||| READING scroll labelled YSUOG VUYTS.
   749 | D:1      | 749 ||| READING 5 scrolls labelled WYCKANOZUX.
   750 | D:1      | 750 ||| READING 4 scrolls of enchant weapon.
   750 | D:1      | 750 ||| ENCHANTING +0 spectral hand axe.
   751 | D:1      | 751 ||| READING 3 scrolls of enchant weapon.
   751 | D:1      | 751 ||| ENCHANTING +1 spectral hand axe.
   752 | D:1      | 752 ||| READING 2 scrolls of enchant weapon.
   752 | D:1      | 752 ||| ENCHANTING +2 spectral hand axe.
   753 | D:1      | 753 ||| READING scroll of enchant weapon.
   753 | D:1      | 753 ||| ENCHANTING +3 spectral hand axe.
   754 | D:1      | 754 ||| READING scroll labelled ADGHEU FEVEHIFF.
   755 | D:1      | 755 ||| READING scroll labelled EVUCROO ENURR.
   756 | D:1      | 756 ||| DRINKING 2 yellow potions.
   756 | D:1      | Gained mutation: Your body sometimes deteriorates upon
                  | taking damage. [potion of mutation]
   756 | D:1      | Gained mutation: You are occasionally teleported next to
                  | monsters. [potion of mutation]
   756 | D:1      | Gained mutation: Your mind is acute. (Int +4, Str/Dex -1)
                  | [potion of mutation]
   756 | D:1      | Gained mutation: You have a pair of small horns on your
                  | head. [potion of mutation]
   757 | D:1      | 757 ||| DRINKING potion of mutation.
   757 | D:1      | Lost mutation: Your mind is acute. (Int +4, Str/Dex -1)
                  | [potion of mutation]
   757 | D:1      | Lost mutation: You are occasionally teleported next to
                  | monsters. [potion of mutation]
   757 | D:1      | Gained mutation: Your magical capacity is low. (-10% MP)
                  | [potion of mutation]
   757 | D:1      | Gained mutation: You have hidden genetic defects. [potion
                  | of mutation]
   757 | D:1      | Gained mutation: You have terrible hidden genetic defects.
                  | [potion of mutation]
   757 | D:1      | Gained mutation: Your mind is acute. (Int +4, Str/Dex -1)
                  | [potion of mutation]
   758 | D:1      | 758 ||| DRINKING 2 silvery potions.
   759 | D:1      | 759 ||| DROPPING scroll of blinking.
   760 | D:1      | 760 ||| Stepping randomly (stuck).
   761 | D:1      | 761 ||| Stepping ~*~*~tactically~*~*~ (cloud).
  1045 | D:2      | Noticed Robin
  1058 | D:2      | Killed Robin
  1066 | D:2      | Gained mutation: You are frail. (-10% HP) [hidden defects]
  1234 | D:2      | 1234 ||| Stepping ~*~*~tactically~*~*~ (stealth).
  1254 | D:2      | Reached XP level 4. HP: 19/23 MP: 7/7
  1260 | D:2      | 1260 ||| FLEEEEING.
  1261 | D:2      | 1261 ||| FLEEEEING.
  1262 | D:2      | 1262 ||| FLEEEEING.
  1263 | D:2      | 1263 ||| FLEEEEING.
  1264 | D:2      | 1264 ||| FLEEEEING.
  1265 | D:2      | 1265 ||| FLEEEEING.
  1266 | D:2      | 1266 ||| FLEEEEING.
  1267 | D:2      | 1267 ||| FLEEEEING.
  1268 | D:2      | 1268 ||| FLEEEEING.
  1269 | D:2      | 1269 ||| FLEEEEING.
  1270 | D:2      | 1270 ||| FLEEEEING.
  1271 | D:2      | 1271 ||| FLEEEEING.
  1272 | D:2      | 1272 ||| FLEEEEING.
  1273 | D:2      | 1273 ||| FLEEEEING.
  1274 | D:2      | 1274 ||| FLEEEEING.
  1274 | D:2      | Lost mutation: Your mind is acute. (Int +4, Str/Dex -1)
                  | [hidden defects]
  1274 | D:2      | Lost mutation: You have terrible hidden genetic defects.
                  | [hidden defects expressed]
  1275 | D:2      | 1275 ||| FLEEEEING.
  1276 | D:2      | 1276 ||| FLEEEEING.
  1277 | D:2      | 1277 ||| FLEEEEING.
  1278 | D:2      | 1278 ||| FLEEEEING.
  1279 | D:2      | 1279 ||| STAIRDANCE
  1343 | D:1      | 1343 ||| READING scroll labelled KUSISCHOTWA.
  1441 | D:2      | Noticed Natasha
  1447 | D:2      | Killed Natasha
  1448 | D:2      | Reached skill level 5 in Axes
  1456 | D:2      | Gained mutation: Armour fits poorly on your strangely
                  | shaped body. [hidden defects]
  1745 | D:2      | Noticed Jessica
  1748 | D:2      | Killed Jessica
  1749 | D:2      | Gained mutation: Your magical nature lets you fly swiftly
                  | and evasively. [Tengu growth]
  1749 | D:2      | Reached XP level 5. HP: 27/27 MP: 8/8
  1756 | D:2      | 1756 ||| DRINKING potion of mutation.
  1756 | D:2      | Lost mutation: Your body sometimes deteriorates upon taking
                  | damage. [potion of mutation]
  1756 | D:2      | Lost mutation: Your magical capacity is low. (-10% MP)
                  | [potion of mutation]
  1756 | D:2      | Lost mutation: You have a pair of small horns on your head.
                  | [potion of mutation]
  1756 | D:2      | Lost mutation: You have hidden genetic defects. [potion of
                  | mutation]
  1805 | D:2      | Noticed Natasha
  1810 | D:2      | Killed Natasha
  1838 | D:2      | Noticed Natasha
  1844 | D:2      | Killed Natasha
  1845 | D:2      | Reached skill level 6 in Axes
  2168 | D:2      | 2168 ||| UPGRADING to +0 kite shield.
  2173 | D:2      | 2173 ||| UPGRADING to +0 chain mail.
  2183 | D:2      | 2183 ||| DROPPING +0 scale mail.
  2184 | D:2      | 2184 ||| READING scroll labelled GURITE GITTINUVEMP.
  2185 | D:2      | 2185 ||| READING scroll labelled LESHRI CEEC FUN.
  2186 | D:2      | 2186 ||| READING scroll labelled TEAKULUQINE.
  2186 | D:2      | Identified a scroll of acquirement
  2186 | D:2      | 2186 ||| ACQUIRING +0 pair of gloves of Recklessness
                  | {Regen+ Str-4 Dex+6}
  2186 | D:2      | Acquired the +0 pair of gloves of Recklessness {Regen+
                  | Str-4 Dex+6}
  2188 | D:2      | 2188 ||| UPGRADING to +0 pair of gloves of Recklessness
                  | {Regen+ Str-4 Dex+6}.
  2222 | D:3      | 2222 ||| STAIRDANCE
  2273 | D:3      | 2273 ||| Stepping ~*~*~tactically~*~*~ (stealth).
  2282 | D:3      | 2282 ||| Stepping ~*~*~tactically~*~*~ (stealth).
  2306 | D:3      | Reached skill level 1 in Shields
  2310 | D:3      | 2310 ||| FLEEEEING.
  2311 | D:3      | 2311 ||| FLEEEEING.
  2312 | D:3      | 2312 ||| FLEEEEING.
  2313 | D:3      | 2313 ||| FLEEEEING.
  2314 | D:3      | 2314 ||| FLEEEEING.
  2315 | D:3      | 2315 ||| FLEEEEING.
  2322 | D:3      | Reached XP level 6. HP: 31/31 MP: 10/10
  2336 | D:3      | Noticed Sigmund
  2337 | D:3      | 2337 ||| Stepping ~*~*~tactically~*~*~ (stealth).
  2339 | D:3      | 2339 ||| Stepping ~*~*~tactically~*~*~ (hiding).
  2347 | D:3      | Killed Sigmund
  2359 | D:3      | 2359 ||| DROPPING +0 whip.
  2368 | D:3      | 2368 ||| Stepping ~*~*~tactically~*~*~ (stealth).
  2373 | D:3      | 2373 ||| Stepping ~*~*~tactically~*~*~ (stealth).
  2431 | D:3      | 2431 ||| Stepping ~*~*~tactically~*~*~ (stealth).
  2436 | D:3      | 2436 ||| Stepping ~*~*~tactically~*~*~ (stealth).
  2439 | D:3      | Reached XP level 7. HP: 36/36 MP: 11/11
  2639 | D:3      | 2639 ||| READING 2 scrolls labelled QEGRASOERO.
  2838 | D:4      | 2838 ||| DROPPING +0 flail.
  2924 | D:4      | Identified the +11 dagger of Ekonebocra {vorpal, rElec}
  2975 | D:4      | Reached skill level 7 in Axes
  2989 | D:4      | 2989 ||| Stepping ~*~*~tactically~*~*~ (hiding).
  2990 | D:4      | 2990 ||| Stepping ~*~*~tactically~*~*~ (hiding).
  2993 | D:4      | 2993 ||| Stepping ~*~*~tactically~*~*~ (hiding).
  3014 | D:4      | 3014 ||| Stepping ~*~*~tactically~*~*~ (hiding).
  3017 | D:4      | 3017 ||| Stepping ~*~*~tactically~*~*~ (hiding).
  3018 | D:4      | 3018 ||| Stepping ~*~*~tactically~*~*~ (hiding).
  3417 | D:4      | 3417 ||| DRINKING 2 orange potions.
  3418 | D:4      | 3418 ||| READING 2 scrolls of identify.
  3418 | D:4      | 3418 ||| IDENTIFYING murky amethyst potion
  3419 | D:4      | 3419 ||| DROPPING potion of lignification.
  3494 | D:5      | Entered Level 5 of the Dungeon
  3497 | D:5      | Reached skill level 3 in Fighting
  3532 | D:5      | Reached skill level 3 in Armour
  3748 | D:5      | Reached XP level 8. HP: 41/41 MP: 12/12
  3762 | D:5      | 3762 ||| Stepping ~*~*~tactically~*~*~ (stealth).
  3811 | D:5      | Noticed Prince Ribbit
  3829 | D:5      | Killed Prince Ribbit
  3830 | D:5      | Reached skill level 8 in Axes
  4054 | D:5      | 4054 ||| DRINKING potion of mutation.
  4054 | D:5      | Lost mutation: You are frail. (-10% HP) [potion of
                  | mutation]
  4054 | D:5      | Lost mutation: Armour fits poorly on your strangely shaped
                  | body. [potion of mutation]
  4054 | D:5      | Gained mutation: You are weak. (Str -2) [potion of
                  | mutation]
  4054 | D:5      | Gained mutation: Your flesh is heat resistant. (rF+)
                  | [potion of mutation]
  4054 | D:5      | Gained mutation: You are robust. (+10% HP) [potion of
                  | mutation]
  4385 | D:5      | 4385 ||| UPGRADING to ring of protection from cold.
  4386 | D:5      | 4386 ||| DROPPING ring of magical power.
  4387 | D:5      | 4387 ||| DRINKING 2 viscous pink potions.
  4487 | D:6      | Reached skill level 9 in Axes
  4571 | D:6      | 4571 ||| DROPPING +2 vorpal flail.
  4616 | D:6      | Reached XP level 9. HP: 57/57 MP: 13/13
  4674 | D:6      | 4674 ||| Stepping ~*~*~tactically~*~*~ (stealth).
  4676 | D:6      | 4676 ||| Stepping ~*~*~tactically~*~*~ (stealth).
  4682 | D:6      | Reached skill level 6 in Shields
  5369 | D:6      | 5369 ||| UPGRADING to ring of willpower.
  5370 | D:6      | 5370 ||| DRINKING 2 white potions.
  5371 | D:6      | 5371 ||| READING 3 scrolls of identify.
  5371 | D:6      | 5371 ||| IDENTIFYING purple potion
  5372 | D:6      | 5372 ||| DROPPING potion of invisibility.
  5695 | D:7      | Found a hazy altar of Hepliaklqana.
  5739 | D:7      | Reached skill level 10 in Axes
  5752 | D:7      | 5752 ||| Stepping ~*~*~tactically~*~*~ (hiding).
  5819 | D:7      | Found a staircase to the Ecumenical Temple.
  5820 | D:7      | 5820 ||| PLANNING TEMPLE
  5820 | D:7      | 5820 ||| SWAPPING to +0 war axe.
  5821 | D:7      | 5821 ||| DROPPING +4 spectral hand axe.
  5822 | D:7      | 5822 ||| UPGRADING to +0 plate armour.
  5832 | D:7      | 5832 ||| DROPPING +0 chain mail.
  5833 | D:7      | 5833 ||| READING 2 scrolls labelled GUNAON LIHERR.
  5834 | D:7      | 5834 ||| READING scroll labelled QEOSIMUTAEG.
  5935 | D:7      | 5935 ||| DROPPING scroll of immolation.
  5939 | Temple   | Entered the Ecumenical Temple
  5986 | Temple   | Became a worshipper of Warmaster Okawaru
  6066 | Temple   | 6066 ||| PLANNING D:1-11
  6345 | D:7      | 6345 ||| Stepping ~*~*~tactically~*~*~ (stealth).
  6473 | D:8      | 6473 ||| Stepping ~*~*~tactically~*~*~ (hiding).
  6527 | D:8      | Noticed a hornet
  6534 | D:8      | Paralysed by a hornet for 1 turns
  6541 | D:8      | HP: 13/57 [hornet (8)]
  6542 | D:8      | 6542 ||| READING 2 scrolls of teleportation.
  6542 | D:8      | HP: 6/57 [poisoned by a hornet]
  6543 | D:8      | 6543 ||| DRINKING potion of heal wounds.
  6699 | D:8      | Paralysed by a hornet for 2 turns
  6707 | D:8      | Killed a hornet
  6707 | D:8      | Reached * piety under Okawaru
  6708 | D:8      | HP: 14/57 [poisoned by a hornet]
  6848 | D:8      | 6848 ||| Stepping ~*~*~tactically~*~*~ (stealth).
  6851 | D:8      | 6851 ||| Stepping ~*~*~tactically~*~*~ (stealth).
  6946 | D:8      | 6946 ||| Stepping ~*~*~tactically~*~*~ (stealth).
  6948 | D:8      | 6948 ||| Stepping ~*~*~tactically~*~*~ (stealth).
  6950 | D:8      | 6950 ||| INVOKING Heroism.
  6955 | D:8      | Reached skill level 1 in Invocations
  6964 | D:8      | HP: 14/57 [poisoned by an orc wizard]
  6969 | D:8      | HP: 14/57 [poisoned by an orc wizard]
  7062 | D:8      | Found a broken altar of Ashenzari.
  7063 | D:8      | Found a shimmering altar of Xom.
  7063 | D:8      | Found a glowing golden altar of the Shining One.
  7078 | D:8      | 7078 ||| INVOKING Heroism.
  7125 | D:8      | Found a white marble altar of Elyvilon.
  7400 | D:8      | 7400 ||| Stepping ~*~*~tactically~*~*~ (hiding).
  7450 | D:8      | 7450 ||| Stepping ~*~*~tactically~*~*~ (hiding).
  7561 | D:8      | 7561 ||| READING scroll labelled TOHIFUM TAENIO.
  7562 | D:8      | 7562 ||| READING 5 scrolls of identify.
  7562 | D:8      | 7562 ||| IDENTIFYING viscous blue potion
  7563 | D:8      | 7563 ||| DROPPING potion of ambrosia.
  7603 | D:9      | Noticed a hornet
  7627 | D:9      | Reached skill level 3 in Invocations
  7627 | D:9      | Reached XP level 10. HP: 64/64 MP: 14/14
  7631 | D:9      | 7631 ||| INVOKING Heroism.
  7751 | D:9      | 7751 ||| Stepping ~*~*~tactically~*~*~ (stealth).
  7753 | D:9      | 7753 ||| INVOKING Heroism.
  7906 | D:9      | 7906 ||| INVOKING Heroism.
  7912 | D:9      | Paralysed by a hornet for 1 turns
  7915 | D:9      | HP: 12/64 [hornet (8)]
  7916 | D:9      | 7916 ||| READING scroll of teleportation.
  7916 | D:9      | HP: 3/64 [hornet (5)]
  7917 | D:9      | 7917 ||| DRINKING potion of heal wounds.
  7918 | D:9      | Mangled by a hornet

Levels and vault maps discovered:
D:1:      wheals_arrival_shading, layout_rooms, serial_shops,
          nicolae_shop_temple_entry_statues_fountains,
          ebering_ecumenical_altar_sacrificial
D:2:      layout_basic, uniq_robin, uniq_natasha, uniq_jessica
D:3:      layout_rooms, uniq_sigmund
D:4:      layout_basic
D:5:      layout_loops_corners, grunt_ministairs_14, minmay_ogre_servants,
          uniq_prince_ribbit1
D:6:      layout_loops_corners, hangedman_decor_riveting,
          kennysheep_generic_room_4
D:7:      layout_basic, mainiacjoe_overflow_boulevard, temple_statues,
          kennysheep_generic_room_11
D:8:      layout_loops_ring, chequers_temple_overflow_statue_of_worship,
          nicolae_sextant, roderic_roman_lattice
D:9:      layout_basic, chequers_serial_rivers_micro_c,
          chequers_serial_rivers_micro_a, grunt_decor_junction
Temple:   nicolae_temple_bog_church

Skill      XL: |  1  2  3  4  5  6  7  8  9 |
---------------+----------------------------+-----
Axes           | 3 4 5 6 7 9 10 | 10.5
Shields        | 1 4 5 6 |  6.3
Armour         | 3 5 |  5.6
Fighting       | 3 4 5 |  5.0
Throwing       | 2 |  2.0
Invocations    | 3 |  3.8
Dodging        | |  2.1
Spellcasting   | |  2.0
Translocations | |  2.4

Action                   |  1- 3 |  4- 6 |  7- 9 | 10-12 || total
-------------------------+-------+-------+-------+-------++-------
Melee: Hand axe          |    70 |    44 |   131 |       ||   245
       Kick              |    16 |     8 |    74 |    14 ||   112
       Peck              |     6 |     6 |    47 |     8 ||    67
       Headbutt          |     2 |     2 |       |       ||     4
       War axe           |       |       |   100 |    40 ||   140
Throw: Boomerang         |     7 |    27 |    47 |     4 ||    85
Invok: Heroism           |       |       |     2 |     3 ||     5
  Use: Scroll            |     8 |     4 |     8 |     1 ||    21
       Potion            |     3 |     1 |     5 |     1 ||    10
 Stab: Distracted        |       |       |     2 |       ||     2
Armor: Leather armour    |    12 |       |       |       ||    12
       Scale mail        |     9 |     8 |       |       ||    17
       Chain mail        |       |     4 |    18 |       ||    22
       Plate armour      |       |       |    47 |    28 ||    75
Dodge: Dodged            |    36 |     6 |    16 |    10 ||    68
Block: Kite shield       |       |     7 |   116 |    33 ||   156

Table legend:
 A = Non-vault XP
 B = Vault XP
 C = Vault XP percentage of total XP
 D = Non-vault monster count
 E = Vault monster count
 F = Vault count percentage of total count
                 A         B        C        D         E       F
            +---------+---------+-------+---------+---------+-------
      Total |    4349 |     878 |  16.8 |     162 |      23 |  12.4
            +---------+---------+-------+---------+---------+-------
        D:1 |      46 |       0 |   0.0 |      27 |       0 |   0.0
        D:2 |     116 |      98 |  45.8 |      16 |       9 |  36.0
        D:3 |     134 |     239 |  64.1 |      27 |       1 |   3.6
        D:4 |     369 |       0 |   0.0 |      21 |       0 |   0.0
        D:5 |     400 |     448 |  52.8 |      12 |      12 |  50.0
        D:6 |     941 |      93 |   9.0 |      16 |       1 |   5.9
        D:7 |     377 |       0 |   0.0 |       9 |       0 |   0.0
        D:8 |    1381 |       0 |   0.0 |      19 |       0 |   0.0
        D:9 |     585 |       0 |   0.0 |      15 |       0 |   0.0
            +---------+---------+-------+---------+---------+-------
